 Dungeon Crawl Stone Soup version 0.21-a0-440-g28109cb (webtiles) character file.

2093 Gildeon the Spear-Bearer (level 9, -2/74 HPs)
             Began as a Minotaur Fighter on Nov 11, 2017.
             Was an Initiate of Okawaru.
             Succumbed to barbed spike wounds
             ... on level 7 of the Dungeon.
             The game lasted 00:46:04 (6467 turns).

Gildeon the Spear-Bearer (Minotaur Fighter)         Turns: 6467, Time: 00:46:05

Health: -2/74      AC: 16    Str: 25    XL:     9   Next: 7%
Magic:  13/13      EV:  7    Int:  6    God:    Okawaru [......]
Gold:   286        SH:  0    Dex: 10    Spells: 15/15 levels left

rFire    + . .     SeeInvis +   D - +0 halberd
rCold    x . .     Gourm    .   (shield currently unavailable)
rNeg     . . .     Faith    .   h - +3 plate armour
rPois    .         Spirit   .   (helmet restricted)
rElec    .         Reflect  .   (no cloak)
rCorr    .         Harm     .   t - +0 pair of gloves
MR       .....                  (no boots)
Stlth    ..........             (no amulet)
HPRegen  0.22/turn              p - ring of see invisible
MPRegen  0.13/turn              l - ring of fire

@: about to teleport, barbed spikes
A: retaliatory headbutt, horns 2, strong 1
a: Renounce Religion


You were on level 7 of the Dungeon.
You worshipped Okawaru.
Okawaru was noncommittal.
You were not hungry.

You visited 1 branch of the dungeon, and saw 7 of its levels.

You collected 286 gold pieces.

Inventory:

Hand Weapons
 D - a +0 halberd (weapon)
Missiles
 j - 133 arrows
Armour
 b - a +0 scale mail
 h - a +3 plate armour (worn)
 k - a cursed +0 ring mail
 o - a +0 leather armour
 r - a +3 leather armour of fire resistance
 t - a +0 pair of gloves (worn)
 w - a +0 chain mail
Jewellery
 g - a +2 ring of strength {unknown}
 l - a ring of fire (right hand)
 p - a ring of see invisible (left hand)
Wands
 n - a wand of random effects (29/48)
 E - a wand of acid (9/15)
Scrolls
 c - a scroll of identify
 q - a scroll of teleportation
 x - a scroll of fog {unknown}
 C - a scroll of remove curse
Potions
 a - a potion of heal wounds {unknown}
 d - a potion of might
 e - a potion of agility {unknown}
 i - a potion of berserk rage
 m - 2 potions of flight
 u - a potion of brilliance
 v - a potion of mutation {unknown}
 z - 2 potions of haste
 B - a potion of curing {unknown}
Comestibles
 f - 6 bread rations
 s - 3 meat rations
 A - a chunk of flesh


   Skills:
 + Level 5.4 Fighting
 - Level 10.4 Polearms
 - Level 5.7 Armour
 - Level 0.3 Stealth
   Level 5.2 Shields
 - Level 3.8 Spellcasting


You had 15 spell levels left.
You didn't know any spells.

Dungeon Overview and Level Annotations

Branches:
Dungeon (7/15)             Temple (0/1) D:6

Altars:
Dithmenos
Okawaru
Sif Muna
Xom

Shops:
D:4 =


Innate Abilities, Weirdness & Mutations

You reflexively headbutt those who attack you in melee.
You have a pair of horns on your head.
Your muscles are strong. (Str +2)


Message History

The volley of spikes hits you!
The barbed spikes dig painfully into your body as you move.
The manticore flicks its tail.
The volley of spikes hits you!
The barbed spikes become lodged in your body.
The barbed spikes dig painfully into your body as you move.
A leopard gecko comes into view.
The leopard gecko hisses angrily.
The manticore bites you!
* * * LOW HITPOINT WARNING * * *
The manticore claws you.
* * * LOW HITPOINT WARNING * * *
The manticore claws you.
* * * LOW HITPOINT WARNING * * *
As you read the scroll of teleportation, it crumbles to dust.
You feel strangely unstable. The manticore bites you.
* * * LOW HITPOINT WARNING * * *
The manticore claws you but does no damage. x2
The barbed spikes dig painfully into your body as you move.
You die...

... # #.#### ...
#.##.#... ...
#....>.## #l#
.....##..... #(#
..#####..... #(#
<........### #H#
.######..# #.#
....).>..#
#@###########.##
#.............#
###############


You could see a manticore and a leopard gecko.

Vanquished Creatures
  Pikel (D:5)
  Eustachio (D:4)
  An orc warrior (D:7)
  3 ice beasts
  An ogre (D:6)
  2 phantoms (D:6)
  A bullfrog (D:6)
  2 crimson imps
  An orc priest (D:7)
  A quasit (D:6)
  3 bullfrog zombies
  A jelly (D:6)
  A gnoll shaman (D:7)
  A centaur skeleton (D:4)
  3 hounds
  4 orc wizards
  Ijyb (D:5)
  A worker ant (D:5)
  An iguana (D:6)
  A hound zombie (D:4)
  5 adders
  6 gnolls
  An ooze (D:1)
  2 adder zombies (D:4)
  4 worms
  A dart slug (D:1)
  4 leopard geckos
  13 orcs
  2 ball pythons
  7 giant cockroaches
  11 goblins
  5 hobgoblins
  2 quokkas
  9 bats
  4 frilled lizards
  A jackal zombie (D:4)
  7 kobolds
  A leopard gecko skeleton (D:5)
  13 rats
  A withered plant (D:4)
130 creatures vanquished.

Vanquished Creatures (others)
  A sky beast (D:5)
  A quokka (D:5)
2 creatures vanquished.

Grand Total: 132 creatures vanquished

Notes
Turn   | Place    | Note
-------+----------+-------------------------------------------
     0 | D:1      | Gildeon the Minotaur Fighter began the quest for the Orb.
     0 | D:1      | Reached XP level 1. HP: 19/19 MP: 0/0
   108 | D:1      | Reached skill level 3 in Polearms
   142 | D:1      | Reached XP level 2. HP: 26/26 MP: 1/1
   459 | D:1      | Reached skill level 4 in Polearms
   667 | D:1      | Reached XP level 3. HP: 31/31 MP: 2/2
  1102 | D:2      | Reached skill level 5 in Polearms
  1239 | D:2      | Reached XP level 4. HP: 36/40 MP: 3/3
  1571 | D:2      | Found a shadowy altar of Dithmenos.
  2409 | D:3      | Reached skill level 5 in Fighting
  2409 | D:3      | Reached XP level 5. HP: 43/48 MP: 4/4
  2912 | D:4      | Reached skill level 5 in Armour
  2926 | D:4      | Reached XP level 6. HP: 50/56 MP: 5/5
  2999 | D:4      | Noticed Eustachio
  3076 | D:5      | Entered Level 5 of the Dungeon
  3207 | D:4      | Killed Eustachio
  3207 | D:4      | Reached skill level 5 in Shields
  3277 | D:4      | Found a shimmering altar of Xom.
  3342 | D:4      | Found Raveiz's Jewellery Emporium.
  3397 | D:4      | Got a smelly ring mail
  3403 | D:4      | Identified the cursed +1 ring mail of Qistronud {rC+ rN+ Str+2 Stlth-} (You found it on level 4 of the Dungeon)
  3980 | D:5      | Found a deep blue altar of Sif Muna.
  4095 | D:5      | Noticed a slave
  4095 | D:5      | Noticed a slave
  4096 | D:5      | Noticed Pikel
  4107 | D:5      | Noticed a slave
  4107 | D:5      | Noticed a slave
  4109 | D:5      | Noticed Ijyb
  4118 | D:5      | Killed Pikel
  4118 | D:5      | Reached XP level 7. HP: 41/61 MP: 5/11
  4131 | D:5      | Killed Ijyb
  4452 | D:5      | Gained mutation: Your muscles are strong. (Str +2) [mutagenic meat]
  4610 | D:5      | Reached XP level 8. HP: 65/69 MP: 12/12
  5085 | D:6      | Reached skill level 6 in Polearms
  5189 | D:6      | Reached skill level 7 in Polearms
  5293 | D:6      | Reached skill level 8 in Polearms
  5504 | D:6      | Found a staircase to the Ecumenical Temple.
  5709 | D:6      | Reached skill level 9 in Polearms
  5829 | D:6      | Found an iron altar of Okawaru.
  5858 | D:6      | Became a worshipper of Warmaster Okawaru
  5977 | D:7      | Reached skill level 10 in Polearms
  5980 | D:7      | Reached XP level 9. HP: 42/74 MP: 13/13
  6456 | D:7      | Noticed a manticore
  6466 | D:7      | HP: 1/74 [manticore (3)]
  6467 | D:7      | Succumbed to barbed spike wounds

Vault maps used:
D:1:      kennysheep_arrival_seaside
D:2:      nicolae_dithmenos_through_a_glass_darkly
D:4:      nicolae_overflow_hidden_temple, serial_shops,
          nicolae_shop_competitors_out_of_business, serial_undead,
          serial_undead_e, serial_undead_e, serial_undead_a, serial_undead_b,
          first_bread, dk_noncrumbling_2, minmay_stone_trees_medium,
          uniq_eustachio
D:5:      kennysheep_mini, solitary_fountain, nrook_mini_backslash, uniq_ijyb,
          uniq_pikel
D:6:      okawaru_altar_gauntlet_db, minmay_temple_entry_enclosed_plants
D:7:      overflow_temple_1_default, led_sif_book

Skill      XL: |  1  2  3  4  5  6  7  8 |
---------------+-------------------------+-----
Polearms       | 3 4 5 10 | 10.4
Fighting       | 5 |  5.4
Armour         | 5 |  5.7
Shields        | 5 |  5.2
Spellcasting   | 3 |  3.8
Stealth        | |  0.3

Action                   |  1- 3 |  4- 6 |  7- 9 || total
-------------------------+-------+-------+-------++-------
Melee: Trident           |    67 |   226 |   160 ||   453
       Headbutt          |     9 |    52 |    41 ||   102
Throw: Throwing net      |       |     6 |       ||     6
       Tomahawk          |       |     6 |    22 ||    28
  Use: Scroll            |       |    19 |     3 ||    22
  Eat: Chunk             |     1 |     5 |     6 ||    12
       Royal jelly       |       |     1 |       ||     1
       Meat ration       |       |     1 |       ||     1
Armor: Scale mail        |    25 |    18 |       ||    43
       Plate armour      |       |   178 |   107 ||   285
Dodge: Dodged            |    16 |    46 |    27 ||    89
Block: Shield            |    27 |   154 |    88 ||   269

Table legend:
 A = Spawn XP
 B = Non-spawn XP
 C = Spawn XP percentage of total XP
 D = Spawn monster count
 E = Non-spawn monster count
 F = Spawn count percentage of total count
 G = Total turns spent on level
                    A         B        C        D         E        F      G
               +---------+---------+-------+---------+---------+-------+---------
         Total |       0 |    2991 |   0.0 |       0 |     129 |   0.0 |  6467
               +---------+---------+-------+---------+---------+-------+---------
           D:1 |       0 |      43 |   0.0 |       0 |      26 |   0.0 |  1028
           D:2 |       0 |      88 |   0.0 |       0 |      23 |   0.0 |  1057
           D:3 |       0 |     116 |   0.0 |       0 |      20 |   0.0 |   707
           D:4 |       0 |     456 |   0.0 |       0 |      16 |   0.0 |  1020
           D:5 |       0 |     794 |   0.0 |       0 |       9 |   0.0 |  1170
           D:6 |       0 |    1007 |   0.0 |       0 |      23 |   0.0 |   956
           D:7 |       0 |     487 |   0.0 |       0 |      12 |   0.0 |   529
               +---------+---------+-------+---------+---------+-------+---------
